[Event "Titled Tuesday Blitz August 22 Early 2023"]
[White "carokannlover213"]
[Black "Naroditsky, Daniel"]
[BlackFideId "2026961"]
[WhiteElo "2712"]
[BlackElo "3199"]
[Result "1/2-1/2"]
[Round "4"]
[TimeControl "180+1"]
[Date "2023.08.22"]
[WhiteClock "0:01:07"]
[BlackClock "0:01:05"]
[Board "23"]

1. e4 Nf6 2. e5 Nd5 3. d4 d6 4. Nf3 dxe5 5. Nxe5 c6 6. Be2 Bf5 7. O-O Nd7 8. Nf3 e6 9. c4 N5f6 10. Nc3 Bd6 11. h3 h6 12. Be3 O-O 13. Bd3 Bxd3 14. Qxd3 Qe7 15. Rfe1 Rad8 16. Rad1 Rfe8 17. a3 e5 18. Qc2 exd4 19. Nxd4 Qf8 20. Nf5 Bc5 21. b4 Bxe3 22. Rxe3 Rxe3 23. Nxe3 Ne5 24. Rxd8 Qxd8 25. Ne4 Nxe4 26. Qxe4 Qf6 27. Ng4 Nxg4 28. Qxg4 Qa1+ 29. Kh2 Qe5+ 30. Qg3 Qe8 1/2-1/2


[Site "https://www.chess.com"]

[Event "Titled Tuesday Blitz August 22 Early 2023"]
[White "Grischuk, Alexander"]
[Black "GaiozNigalidze"]
[WhiteFideId "4126025"]
[WhiteElo "3034"]
[BlackElo "2696"]
[Result "1-0"]
[Round "4"]
[TimeControl "180+1"]
[Date "2023.08.22"]
[WhiteClock "0:00:05"]
[BlackClock "0:00:05"]
[Board "24"]

1. Nf3 d5 2. g3 Nf6 3. Bg2 c5 4. O-O e6 5. d3 g6 6. e4 dxe4 7. dxe4 Qxd1 8. Rxd1 Nxe4 9. Ne5 Nf6 10. Na3 Nfd7 11. Nxd7 Nxd7 12. Nb5 Rb8 13. Nxa7 Bg7 14. Nxc8 Rxc8 15. Bxb7 Rc7 16. Bg2 Ke7 17. a4 Ra7 18. c3 Rb8 19. Ra2 h6 20. Bf4 Rb3 21. a5 Ne5 22. Be3 Rb5 23. Bf1 Raxa5 24. Bxb5 Rxa2 25. Bxc5+ Kf6 26. b4 g5 27. Kf1 Kg6 28. Be2 g4 29. Bd4 f5 30. Rb1 Nd7 31. Bxg7 Kxg7 32. c4 Rc2 33. c5 Nxc5 34. bxc5 Rxc5 35. Rd1 Kf6 36. Bd3 h5 37. Ke2 e5 38. Ke3 Kg5 39. Rb1 Rc3 40. Kd2 Ra3 41. Rb5 Ra2+ 42. Bc2 Kf6 43. Rb6+ Kg5 44. Rb8 Ra6 45. Rg8+ Rg6 46. Rxg6+ Kxg6 47. Kd3 Kg5 48. Kc4 f4 49. Kd5 fxg3 50. fxg3 Kf6 51. Be4 Kg5 52. Kxe5 h4 53. Ke6 hxg3 54. hxg3 1-0


[Site "https://www.chess.com"]

[Event "Titled Tuesday Blitz August 22 Early 2023"]
[White "Bluebaum, Matthias"]
[Black "Dehtiarov, Roman"]
[WhiteFideId "24651516"]
[BlackFideId "14186640"]
[WhiteElo "3019"]
[BlackElo "2696"]
[Result "1-0"]
[Round "4"]
[TimeControl "180+1"]
[Date "2023.08.22"]
[WhiteClock "0:01:17"]
[BlackClock "0:00:04"]
[Board "25"]

1. d4 Nf6 2. c4 e6 3. Nc3 Bb4 4. e3 b6 5. Bd3 Bb7 6. Nf3 O-O 7. Bd2 Qe7 8. Rc1 d6 9. O-O Nbd7 10. Qc2 Bxc3 11. Bxc3 h6 12. e4 e5 13. Rfe1 Rfe8 14. b3 a5 15. Rcd1 Rad8 16. Qb2 Nh5 17. Bf1 Nf4 18. d5 Rf8 19. g3 Nh5 20. Nh4 g6 21. Qc1 Kh7 22. Bd2 g5 23. Nf5 Qf6 24. Be2 Ng7 25. Ne3 Nc5 26. Qc2 Qg6 27. Bf3 f5 28. exf5 Nxf5 29. Nxf5 Qxf5 30. Qxf5+ Rxf5 31. Bg4 Rf6 32. Be3 Bc8 33. Bxc8 Rxc8 34. Re2 Rcf8 35. Kg2 g4 36. h3 Ne4 37. Rh1 gxh3+ 38. Rxh3 Nc3 39. Re1 Kg7 40. Reh1 Rh8 41. Rh4 Nxa2 42. g4 Rg6 43. g5 Nb4 44. Kf1 Nc2 45. gxh6+ Kh7 46. Bc1 Rf8 47. R4h3 Nd4 48. Rd3 Rf3 49. Rxf3 Nxf3 50. Rh3 Rg1+ 51. Ke2 Rxc1 52. Rxf3 Kxh6 53. Rf7 Rc3 54. Rxc7 Rxb3 55. Rc6 Kg5 56. Rxd6 Kf5 57. Rd8 Rc3 58. Rf8+ Kg6 59. d6 Rc2+ 60. Ke3 Rc3+ 61. Ke4 Rxc4+ 62. Kxe5 Rc5+ 63. Ke6 Rc6 64. Ke7 Rc1 65. d7 Re1+ 66. Kd6 Rd1+ 67. Kc7 Rc1+ 68. Kxb6 Rb1+ 69. Ka6 a4 70. d8=Q a3 71. Qf6+ 1-0


[Site "https://www.chess.com"]

[Event "Titled Tuesday Blitz August 22 Early 2023"]
[White "KarolKacprzak"]
[Black "Andreikin, Dmitry"]
[BlackFideId "4158814"]
[WhiteElo "2689"]
[BlackElo "2999"]
[Result "0-1"]
[Round "4"]
[TimeControl "180+1"]
[Date "2023.08.22"]
[WhiteClock "0:00:10"]
[BlackClock "0:00:42"]
[Board "26"]

1. e4 c5 2. Nf3 e6 3. d4 cxd4 4. Nxd4 Nc6 5. Nc3 Qc7 6. Be3 a6 7. Qf3 Nf6 8. O-O-O Rb8 9. Nxc6 bxc6 10. e5 Nd5 11. Bd4 c5 12. Nxd5 exd5 13. Bc3 Bb7 14. Bd2 d4 15. Qg4 Bd5 16. Kb1 Be6 17. Qf4 Be7 18. c4 O-O 19. Bd3 Qb7 20. Bc1 Qb4 21. Qe4 g6 22. Qe2 Qa4 23. Bh6 Rfc8 24. Rd2 Rb4 25. Rc1 Rcb8 26. Rdc2 Qa3 27. Ka1 Qa4 28. Bd2 Rb3 29. Kb1 Ra3 30. b3 Rbxb3+ 31. axb3 Ra1+ 32. Kb2 Qa2# 0-1


[Site "https://www.chess.com"]

[Event "Titled Tuesday Blitz August 22 Early 2023"]
[White "Kovalenko, Igor"]
[Black "Skliarov, Viktor"]
[WhiteFideId "14117908"]
[BlackFideId "14106736"]
[WhiteElo "2941"]
[BlackElo "2688"]
[Result "1/2-1/2"]
[Round "4"]
[TimeControl "180+1"]
[Date "2023.08.22"]
[WhiteClock "0:00:28"]
[BlackClock "0:00:07"]
[Board "27"]

1. c4 e5 2. Nc3 Bb4 3. Qb3 Bxc3 4. Qxc3 Nc6 5. b4 d6 6. e3 Nf6 7. b5 Ne7 8. Nf3 O-O 9. Bb2 a6 10. a4 axb5 11. axb5 Rxa1+ 12. Bxa1 Bg4 13. h3 Bh5 14. d4 e4 15. Nd2 d5 16. g4 Bg6 17. c5 Qd7 18. Be2 Ra8 19. Nb3 h5 20. g5 Nh7 21. h4 f6 22. gxf6 Nxf6 23. Bb2 Ng4 24. Na5 Qf5 25. Rf1 Nh2 26. Rg1 Rf8 27. Rg2 Nf3+ 28. Bxf3 Qxf3 29. Rh2 Bf5 30. Qc2 Bg4 31. Bc3 Nf5 32. Nxb7 Nxe3 33. Qd2 Nc4 34. Qc2 e3 35. Na5 exf2+ 36. Rxf2 Qe3+ 37. Kf1 Bh3+ 38. Kg1 Qg3+ 39. Rg2 Bxg2 40. Qxg2 Qxg2+ 41. Kxg2 Nxa5 42. Bxa5 Rf7 43. Kg3 Kf8 44. Bd2 Ke8 45. Bf4 Kd7 46. Kf3 g6 47. Kg3 Re7 48. Be5 Rf7 49. Bf4 Kc8 50. Kf3 Kb7 51. Ke3 Rf8 52. Kf3 Ra8 53. Be5 Ra5 54. Kf4 Rxb5 55. Kg5 Rb2 56. Kxg6 Rg2+ 57. Kxh5 c6 58. Kh6 Kc8 59. h5 Kd7 60. Kh7 Ke8 61. h6 Kf7 62. Bg7 Rg4 63. Kh8 Rg2 64. Kh7 Rg4 65. Kh8 Rg2 66. Kh7 1/2-1/2


[Site "https://www.chess.com"]

[Event "Titled Tuesday Blitz August 22 Early 2023"]
[White "Korchmar, Vasiliy"]
[Black "Donchenko, Alexander"]
[WhiteFideId "24131750"]
[BlackFideId "24603295"]
[WhiteElo "2684"]
[BlackElo "2939"]
[Result "0-1"]
[Round "4"]
[TimeControl "180+1"]
[Date "2023.08.22"]
[WhiteClock "0:00:00"]
[BlackClock "0:01:34"]
[Board "28"]

1. e4 c6 2. d4 d5 3. exd5 cxd5 4. Bd3 Nf6 5. h3 Nc6 6. c3 e5 7. dxe5 Nxe5 8. Qe2 Ne4 9. Bb5+ Bd7 10. Nf3 Bxb5 11. Qxb5+ Qd7 12. Qxd7+ Nxd7 13. Be3 Bd6 14. Nbd2 O-O 15. O-O-O Nef6 16. Nb3 Rfe8 17. Nbd4 a6 18. Nf5 Bf8 19. Bd4 Rac8 20. Kb1 b5 21. a3 h6 22. g4 g6 23. Ne3 Bg7 24. h4 Rcd8 25. g5 hxg5 26. hxg5 Ne4 27. Bxg7 Kxg7 28. Ng4 Ndc5 29. Rh2 Ne6 30. Rdh1 Rh8 31. Rxh8 Rxh8 32. Rd1 Rd8 33. Ne3 Nxf2 34. Rxd5 Rh8 35. Ne5 Nxg5 36. Rd7 Re8 37. N3g4 Nxg4 38. Nxg4 Re1+ 39. Kc2 Re4 40. Rd4 f5 41. Rd7+ Nf7 0-1


[Site "https://www.chess.com"]

[Event "Titled Tuesday Blitz August 22 Early 2023"]
[White "Esipenko, Andrey"]
[Black "Pert, Richard G"]
[WhiteFideId "24175439"]
[BlackFideId "404748"]
[WhiteElo "2934"]
[BlackElo "2681"]
[Result "1-0"]
[Round "4"]
[TimeControl "180+1"]
[Date "2023.08.22"]
[WhiteClock "0:00:50"]
[BlackClock "0:00:00"]
[Board "29"]

1. e4 c5 2. Nf3 d6 3. g3 Nf6 4. d3 g6 5. Bg2 Bg7 6. O-O O-O 7. a4 Nc6 8. Na3 Be6 9. h3 Rc8 10. Ng5 Bd7 11. f4 h6 12. Nf3 e6 13. c3 d5 14. e5 Nh7 15. Be3 b6 16. Nb5 f6 17. d4 cxd4 18. cxd4 fxe5 19. fxe5 Nb4 20. Bd2 a5 21. Nd6 Rc7 22. Bxb4 axb4 23. Qd3 Be8 24. h4 g5 25. Bh3 Qe7 26. hxg5 Nxg5 27. Nxg5 Rxf1+ 28. Rxf1 hxg5 29. Bg4 Bxa4 30. Rf7 Qxf7 31. Nxf7 Kxf7 32. Bxe6+ Kxe6 33. Qg6+ Kd7 34. Qxg7+ Kc8 35. Qg8+ Kb7 36. Qxd5+ Bc6 37. Qe6 Bf3 38. Kf2 g4 39. b3 Rc2+ 40. Ke3 Re2+ 41. Kf4 Re4+ 42. Kg5 Rxd4 43. Qf7+ Ka6 44. e6 Rd5+ 45. Kh4 Re5 46. Qd7 Bd5 47. Qd6 Rf5 48. e7 Bf7 49. Kxg4 Rf1 50. Qd3+ 1-0


[Site "https://www.chess.com"]

[Event "Titled Tuesday Blitz August 22 Early 2023"]
[White "Alex_Sahakyan2006"]
[Black "Kozak, Adam"]
[BlackFideId "753246"]
[WhiteElo "2679"]
[BlackElo "2931"]
[Result "1-0"]
[Round "4"]
[TimeControl "180+1"]
[Date "2023.08.22"]
[WhiteClock "0:01:34"]
[BlackClock "0:01:17"]
[Board "30"]

1. e4 c5 2. Nc3 a6 3. g3 b5 4. Bg2 Bb7 5. d3 g6 6. Be3 Bg7 7. Bxc5 Qa5 8. Be3 b4 9. Nd5 Bxd5 10. exd5 Bxb2 11. Ne2 Bxa1 12. Qxa1 Nf6 13. d6 Nc6 14. dxe7 Kxe7 15. O-O Qe5 16. Nd4 Kf8 17. Bh6+ Kg8 18. Nxc6 Qxa1 19. Ne7# 1-0


[Site "https://www.chess.com"]

[Event "Titled Tuesday Blitz August 22 Early 2023"]
[White "Henriquez Villagra, Cristobal"]
[Black "Eynullayev, Atilla"]
[WhiteFideId "3409350"]
[BlackFideId "13413570"]
[WhiteElo "2910"]
[BlackElo "2659"]
[Result "1-0"]
[Round "4"]
[TimeControl "180+1"]
[Date "2023.08.22"]
[WhiteClock "0:01:00"]
[BlackClock "0:00:10"]
[Board "32"]

1. g3 Nf6 2. Bg2 d5 3. d3 g6 4. f4 Bg7 5. Nf3 O-O 6. O-O c5 7. Nc3 d4 8. Ne4 Nbd7 9. c4 a5 10. h3 b6 11. e3 dxe3 12. Bxe3 Bb7 13. Qc2 Qc7 14. Rae1 Rad8 15. Bd2 Nb8 16. g4 Nc6 17. Kh1 Nb4 18. Bxb4 axb4 19. f5 Nxe4 20. dxe4 Qg3 21. Qe2 Be5 22. b3 Rd6 23. Rd1 Rfd8 24. Rd5 Bxd5 25. exd5 f6 26. Re1 R8d7 27. Kg1 Kf7 28. Qd3 Bd4+ 29. Kh1 g5 30. Nxg5+ 1-0


[Site "https://www.chess.com"]

[Event "Titled Tuesday Blitz August 22 Early 2023"]
[White "Eljanov, Pavel"]
[Black "Itgelt, Khuyagtsogt"]
[WhiteFideId "14102951"]
[BlackFideId "4902912"]
[WhiteElo "2906"]
[BlackElo "2648"]
[Result "0-1"]
[Round "4"]
[TimeControl "180+1"]
[Date "2023.08.22"]
[WhiteClock "0:00:25"]
[BlackClock "0:00:01"]
[Board "33"]

1. d4 Nf6 2. c4 g6 3. Nc3 d5 4. cxd5 Nxd5 5. e4 Nxc3 6. bxc3 Bg7 7. Nf3 c5 8. h3 O-O 9. Be2 Nc6 10. Be3 cxd4 11. cxd4 Qa5+ 12. Bd2 Qa3 13. d5 Ne5 14. Rb1 Nd3+ 15. Kf1 Ne5 16. Bb4 Qxa2 17. Bxe7 Nxf3 18. gxf3 Re8 19. d6 b6 20. Bb5 Ba6 21. Kg2 Bxb5 22. Rxb5 Qe6 23. Qd5 Qd7 24. Rbb1 Rac8 25. Rbc1 Bb2 26. Rxc8 Rxc8 27. Rd1 a5 28. Rb1 Rc5 29. Qa8+ Rc8 30. Qd5 Rc5 31. Qd3 Be5 32. Rxb6 Kg7 33. f4 Rc3 34. Qd2 Qxh3+ 35. Kg1 Rg3+ 36. fxg3 Qxg3+ 37. Kf1 Qf3+ 38. Qf2 Qd1+ 39. Kg2 Qg4+ 40. Kh1 Qh3+ 41. Kg1 Qg4+ 42. Kf1 Qd1+ 43. Kg2 Qg4+ 44. Qg3 Qe2+ 45. Kh3 Qh5+ 46. Bh4 Bd4 47. f5 Bxb6 48. Qe5+ Kh6 49. Qc3 Bd8 50. f6 g5 0-1


[Site "https://www.chess.com"]

[Event "Titled Tuesday Blitz August 22 Early 2023"]
[White "Pichot, Alan"]
[Black "Plazuelo Pascual, Juan"]
[WhiteFideId "110973"]
[BlackFideId "32059566"]
[WhiteElo "2902"]
[BlackElo "2645"]
[Result "0-1"]
[Round "4"]
[TimeControl "180+1"]
[Date "2023.08.22"]
[WhiteClock "0:01:10"]
[BlackClock "0:01:34"]
[Board "34"]

1. e4 c5 2. Nf3 e6 3. b3 Nc6 4. Bb2 a6 5. c4 Qc7 6. g3 Nf6 7. e5 Ng4 8. Qe2 d6 9. exd6 Bxd6 10. Bxg7 Rg8 11. Bb2 Bd7 12. Bg2 O-O-O 13. Nc3 Nd4 14. Nxd4 cxd4 15. Ne4 Bc6 16. Nxd6+ Qxd6 17. Bxc6 Qxc6 18. O-O-O d3 19. Qe1 Qf3 20. Rf1 Nxh2 21. Rh1 Ng4 22. Rh5 Nxf2 23. Rc5+ Kd7 24. Be5 Rc8 0-1


[Site "https://www.chess.com"]

[Event "Titled Tuesday Blitz August 22 Early 2023"]
[White "JeRoma71"]
[Black "Frolyanov, Dmitry"]
[BlackFideId "4151976"]
[WhiteElo "2878"]
[BlackElo "2636"]
[Result "1/2-1/2"]
[Round "4"]
[TimeControl "180+1"]
[Date "2023.08.22"]
[WhiteClock "0:00:09"]
[BlackClock "0:00:08"]
[Board "35"]

1. Nf3 d5 2. g3 Nd7 3. d4 Nb6 4. a4 a5 5. Bg2 Bf5 6. Nc3 e6 7. O-O h6 8. Nd2 Nf6 9. e4 dxe4 10. Ndxe4 Nxe4 11. Nxe4 c6 12. c3 Be7 13. Nc5 Bxc5 14. dxc5 Qxd1 15. Rxd1 Nd7 16. b4 Bc2 17. Rd2 Bb3 18. Rb2 Bd5 19. Be3 Ke7 20. Bxd5 exd5 21. Bf4 axb4 22. Bd6+ Kd8 23. Rxb4 Ra7 24. Re1 Re8 25. Bc7+ Kxc7 26. Rxe8 Nxc5 27. Re7+ Kd6 28. Rxf7 Rxa4 29. Rxa4 Nxa4 30. Rxb7 g5 31. c4 d4 32. Kf1 Kc5 33. Ke2 Kxc4 34. f4 gxf4 35. gxf4 Nc3+ 36. Kf3 d3 37. f5 Nd5 38. Ra7 Kc3 39. Ra3+ Kc2 40. Ra2+ Kb3 41. Ra6 Nb4 42. Ra1 Nd5 43. Ke4 d2 44. Kd4 Kc2 45. Kc5 d1=Q 46. Rxd1 Kxd1 47. Kxc6 Nf6 48. Kd6 Ke2 49. Ke6 Ne4 50. h4 Kf3 51. f6 Nxf6 52. Kxf6 Kg4 53. Ke5 h5 54. Ke4 Kxh4 55. Kf3 Kh3 56. Kf2 Kh2 57. Kf1 h4 58. Kf2 h3 59. Kf1 Kh1 60. Kf2 h2 61. Kf1 1/2-1/2


[Site "https://www.chess.com"]

[Event "Titled Tuesday Blitz August 22 Early 2023"]
[White "Aslanov, Umid"]
[Black "Rustemov, Alexander"]
[WhiteFideId "13412620"]
[BlackFideId "4119002"]
[WhiteElo "2627"]
[BlackElo "2871"]
[Result "0-1"]
[Round "4"]
[TimeControl "180+1"]
[Date "2023.08.22"]
[WhiteClock "0:00:17"]
[BlackClock "0:00:23"]
[Board "36"]

1. e4 e6 2. d4 d5 3. Nd2 dxe4 4. Nxe4 Bd7 5. Nf3 Bc6 6. Bd3 Nd7 7. O-O Ngf6 8. Bg5 Be7 9. Ned2 O-O 10. c3 h6 11. Bh4 Nh5 12. Bxe7 Qxe7 13. g3 Nhf6 14. Qe2 Rad8 15. Rfe1 b6 16. Ne4 Bb7 17. Rad1 c5 18. Bb1 Rfe8 19. h4 Bd5 20. c4 Bb7 21. b3 cxd4 22. Rxd4 Nc5 23. Nxc5 Qxc5 24. Rxd8 Rxd8 25. Ne5 Qd6 26. Ng4 Nxg4 27. Qxg4 Qd2 28. Rf1 Qd4 29. Qxd4 Rxd4 30. Rc1 a5 31. Kf1 Bf3 32. Bc2 g5 33. hxg5 hxg5 34. a3 g4 35. b4 axb4 36. axb4 f5 37. Bb3 Kf7 38. c5 Rxb4 39. c6 Rxb3 40. c7 Bb7 41. c8=Q Bxc8 42. Rxc8 Rb2 43. Rc7+ Kf6 44. Kg2 b5 45. Rc5 b4 46. Rb5 b3 47. Kg1 Ke7 48. Kf1 Kd6 49. Rb6+ Kd5 50. Ke1 e5 51. Rb5+ Ke4 52. Rb8 Kf3 53. Rf8 Rb1+ 54. Kd2 Kxf2 55. Rxf5+ Kxg3 56. Rxe5 Kg2 57. Rg5 g3 58. Kc3 Kf3 0-1


[Site "https://www.chess.com"]

[Event "Titled Tuesday Blitz August 22 Early 2023"]
[White "Lenderman, Aleksandr"]
[Black "Willy, Stephen"]
[WhiteFideId "2021285"]
[BlackFideId "30981468"]
[WhiteElo "2857"]
[BlackElo "2561"]
[Result "1-0"]
[Round "4"]
[TimeControl "180+1"]
[Date "2023.08.22"]
[WhiteClock "0:02:08"]
[BlackClock "0:00:01"]
[Board "37"]

1. Nf3 d5 2. b3 Nf6 3. Bb2 c5 4. e3 e6 5. c4 Be7 6. cxd5 Nxd5 7. Bxg7 Rg8 8. Bb2 Nc6 9. Nc3 a6 10. Qc2 b5 11. Nxd5 Qxd5 12. Qxh7 Rg6 13. h4 Bf8 14. h5 Rh6 15. Qg8 Ne7 16. Qg5 Bb7 17. Qxd5 Nxd5 18. Ne5 Bg7 19. Be2 Nb4 20. Kf1 Nc6 21. Bf3 Nxe5 22. Bxb7 Rd8 23. Ke2 Rd6 24. f4 Rb6 25. Be4 f5 26. Bc2 Kf7 27. Bxe5 Bf8 28. g4 1-0


[Site "https://www.chess.com"]

[Event "Titled Tuesday Blitz August 22 Early 2023"]
[White "Timofeev, Artyom"]
[Black "Ibadov, Dashgyn"]
[WhiteFideId "4140419"]
[BlackFideId "24107514"]
[WhiteElo "2840"]
[BlackElo "2583"]
[Result "1-0"]
[Round "4"]
[TimeControl "180+1"]
[Date "2023.08.22"]
[WhiteClock "0:00:30"]
[BlackClock "0:00:00"]
[Board "38"]

1. c4 Nf6 2. Nc3 c5 3. Nf3 e6 4. e4 d6 5. d4 cxd4 6. Nxd4 Be7 7. g3 a6 8. Bg2 Qc7 9. O-O Qxc4 10. Be3 Qc7 11. Rc1 Qd8 12. f4 O-O 13. Kh1 Nc6 14. Na4 Bd7 15. Nc3 Nxd4 16. Bxd4 Bc6 17. Qe2 Rc8 18. g4 Nd7 19. Rcd1 Qc7 20. f5 Ne5 21. Be3 b5 22. a3 Qb7 23. g5 Rfe8 24. f6 Bf8 25. Bd4 a5 26. b4 axb4 27. axb4 Ra8 28. Rf2 g6 29. h4 Ra3 30. h5 Rea8 31. Rff1 Nc4 32. hxg6 hxg6 33. Rd3 e5 34. Bg1 Qd7 35. Rh3 Rb3 36. Rff3 Raa3 37. Rfg3 Ra1 38. Rh4 1-0


[Site "https://www.chess.com"]

[Event "Titled Tuesday Blitz August 22 Early 2023"]
[White "Mekhane, Adam"]
[Black "Zemlyanskii, Ivan"]
[WhiteFideId "36050601"]
[BlackFideId "24249971"]
[WhiteElo "2551"]
[BlackElo "2838"]
[Result "0-1"]
[Round "4"]
[TimeControl "180+1"]
[Date "2023.08.22"]
[WhiteClock "0:00:00"]
[BlackClock "0:01:30"]
[Board "39"]

1. e4 c5 2. Nf3 e6 3. g3 Nc6 4. Bg2 Nf6 5. O-O Nxe4 6. d4 d5 7. dxc5 Bxc5 8. c4 O-O 9. cxd5 exd5 10. Nbd2 h6 11. Qc2 Nb4 12. Qb1 Bf5 13. a3 Nxg3 14. axb4 Ne2+ 15. Kh1 Bxb1 16. bxc5 Bd3 17. Ne5 Nxc1 18. Raxc1 Bxf1 19. Rxf1 Qa5 20. Ndf3 Qxc5 21. Nd7 Qb5 22. Nxf8 Rxf8 0-1


[Site "https://www.chess.com"]

[Event "Titled Tuesday Blitz August 22 Early 2023"]
[White "Yanchenko, Roman"]
[Black "Al-Tarboush, Ward"]
[WhiteFideId "4137329"]
[BlackFideId "7601450"]
[WhiteElo "2818"]
[BlackElo "2529"]
[Result "1-0"]
[Round "4"]
[TimeControl "180+1"]
[Date "2023.08.22"]
[WhiteClock "0:00:30"]
[BlackClock "0:00:46"]
[Board "40"]

1. d4 d5 2. Nf3 Nf6 3. Bf4 c5 4. e3 Nc6 5. Be2 Bf5 6. O-O e6 7. a3 Bd6 8. dxc5 Bxc5 9. b4 Bd6 10. Bxd6 Qxd6 11. c4 O-O 12. Nc3 Rad8 13. c5 Qc7 14. Nd4 Bg6 15. Ndb5 Qb8 16. Nd6 Ne8 17. Ncb5 Nxd6 18. Nxd6 a6 19. Rc1 b5 20. f4 Be4 21. Qb3 f5 22. Nxe4 fxe4 23. Bg4 Rf6 24. Rcd1 Qc7 25. Rd2 Rdf8 26. a4 g5 27. axb5 axb5 28. f5 Ne5 29. h3 Nc4 30. Rdf2 Qg3 31. c6 Qxe3 32. Qxe3 Nxe3 33. fxe6 Nxg4 34. hxg4 Rxf2 35. Rxf2 Rc8 36. e7 e3 37. Rf8+ Rxf8 38. exf8=Q+ Kxf8 39. c7 1-0


[Site "https://www.chess.com"]

[Event "Titled Tuesday Blitz August 22 Early 2023"]
[White "Sanduleac, Vasile"]
[Black "Bauman_Guy"]
[WhiteFideId "13900161"]
[WhiteElo "2515"]
[BlackElo "2809"]
[Result "0-1"]
[Round "4"]
[TimeControl "180+1"]
[Date "2023.08.22"]
[WhiteClock "0:02:06"]
[BlackClock "0:02:29"]
[Board "41"]

1. e4 c5 2. Nf3 d6 3. Bb5+ Nd7 4. O-O a6 5. Bxd7+ Qxd7 6. d4 cxd4 7. Qxd4 e5 8. Qd3 Qc6 9. c4 Be6 10. b3 b5 11. Nbd2 Nf6 12. Ba3 bxc4 13. bxc4 Be7 14. Rac1 Nd7 15. Nb3 f6 16. Rfd1 Nc5 17. Nxc5 dxc5 18. Ne1 O-O 19. Nc2 Rfd8 20. Qe2 Qa4 21. Rxd8+ Rxd8 22. Qe3 Qxc2 0-1


[Site "https://www.chess.com"]

[Event "Titled Tuesday Blitz August 22 Early 2023"]
[White "Astafurov, Arseniy"]
[Black "Lei, Tingjie"]
[WhiteFideId "24175218"]
[BlackFideId "8605114"]
[WhiteElo "2431"]
[BlackElo "2790"]
[Result "0-1"]
[Round "4"]
[TimeControl "180+1"]
[Date "2023.08.22"]
[WhiteClock "0:00:17"]
[BlackClock "0:00:19"]
[Board "42"]

1. c4 c5 2. Nc3 Nc6 3. Nf3 g6 4. e3 Nf6 5. d4 cxd4 6. exd4 d5 7. cxd5 Nxd5 8. Qb3 Nxc3 9. Bc4 Nd5 10. Bxd5 e6 11. Bxc6+ bxc6 12. O-O Bg7 13. Be3 O-O 14. Rfc1 a5 15. Nd2 a4 16. Qc3 Rb8 17. Ne4 Qd5 18. Nc5 e5 19. Qc4 exd4 20. Qxd5 cxd5 21. Bf4 Rxb2 22. Nxa4 Re2 23. Rd1 d3 24. Rac1 Rxa2 25. Nb6 Bf5 26. Nxd5 Re8 27. Ne3 d2 28. Rc6 Be6 29. Rd6 Bc3 30. Nd5 Bxd5 31. Rxd5 Re1+ 0-1


[Site "https://www.chess.com"]

[Event "Titled Tuesday Blitz August 22 Early 2023"]
[White "Bagrationi, Alexander"]
[Black "Sarana, Alexey"]
[WhiteFideId "14104954"]
[BlackFideId "24133795"]
[WhiteElo "2595"]
[BlackElo "3024"]
[Result "0-1"]
[Round "4"]
[TimeControl "180+1"]
[Date "2023.08.22"]
[WhiteClock "0:00:17"]
[BlackClock "0:01:16"]
[Board "43"]

1. d4 Nf6 2. Nf3 d5 3. g3 c6 4. Bg2 Bf5 5. O-O h6 6. c3 e6 7. Bf4 Nbd7 8. Nbd2 Be7 9. a4 g5 10. Be5 Nxe5 11. Nxe5 Bd6 12. Nd3 h5 13. Re1 Bxd3 14. exd3 g4 15. b4 h4 16. a5 a6 17. Nf1 Kd7 18. Qd2 Qg8 19. c4 hxg3 20. fxg3 Qg6 21. c5 Bc7 22. Re2 Rh7 23. Rf2 Rah8 24. Re1 Nh5 25. Re5 f6 26. Re3 f5 27. Re5 Bxe5 28. dxe5 f4 29. gxf4 g3 30. Rf3 gxh2+ 31. Kh1 Rg7 32. d4 Nxf4 33. Rxf4 Qxg2+ 34. Qxg2 Rxg2 35. Rf7+ Ke8 0-1


[Site "https://www.chess.com"]

[Event "Titled Tuesday Blitz August 22 Early 2023"]
[White "Stepanencu, Nicodim-Cosmin"]
[Black "Drygalov, Sergey"]
[WhiteFideId "1256220"]
[BlackFideId "24171743"]
[WhiteElo "2595"]
[BlackElo "2964"]
[Result "0-1"]
[Round "4"]
[TimeControl "180+1"]
[Date "2023.08.22"]
[WhiteClock "0:00:01"]
[BlackClock "0:01:05"]
[Board "44"]

1. d4 Nf6 2. Bf4 d5 3. e3 c5 4. c3 Nc6 5. Nd2 cxd4 6. exd4 Bf5 7. Ngf3 e6 8. Bb5 Bd6 9. Ne5 Qc7 10. Ndf3 O-O 11. O-O Ne4 12. Bxc6 bxc6 13. Be3 c5 14. Rc1 Rab8 15. b3 f6 16. Nd3 c4 17. Nc5 Bxc5 18. dxc5 Nxc5 19. bxc4 Nd3 20. Rc2 dxc4 21. Nd4 Rfe8 22. Nxf5 exf5 23. Qf3 f4 24. Bd4 Ne1 25. Qd5+ Qf7 26. Qxf7+ Kxf7 27. Rc1 Nd3 28. Rb1 a6 29. h4 h5 30. Kh2 Rxb1 31. Rxb1 Re2 32. a3 Rb2 33. Rd1 Ke6 34. f3 Kf5 35. Kg1 g5 36. hxg5 fxg5 37. Kh2 g4 38. fxg4+ hxg4 39. Kg1 g3 40. Kf1 Kg4 41. Ra1 f3 42. gxf3+ Kxf3 43. Kg1 Nf4 44. Rf1+ Kg4 45. Re1 Nh3+ 46. Kf1 g2# 0-1


[Site "https://www.chess.com"]

[Event "Titled Tuesday Blitz August 22 Early 2023"]
[White "Sadzikowski, Daniel"]
[Black "Shimanov, Aleksandr"]
[WhiteFideId "1132253"]
[BlackFideId "4198603"]
[WhiteElo "2587"]
[BlackElo "2953"]
[Result "1-0"]
[Round "4"]
[TimeControl "180+1"]
[Date "2023.08.22"]
[WhiteClock "0:00:09"]
[BlackClock "0:00:05"]
[Board "45"]

1. e4 c6 2. d4 d5 3. exd5 cxd5 4. Bd3 Nf6 5. h3 Nc6 6. c3 g6 7. Bf4 a6 8. Nf3 Bf5 9. Be2 h6 10. Nbd2 g5 11. Bg3 e6 12. Ne5 Bd6 13. Nxc6 bxc6 14. Qa4 Qc7 15. Bxd6 Qxd6 16. Nb3 Kf8 17. Qb4 Ke7 18. Na5 Rhc8 19. g4 Bg6 20. Qxd6+ Kxd6 21. b4 Ne4 22. Rc1 Kc7 23. Rh2 f6 24. f3 Nd6 25. h4 Nf7 26. Kd2 Kb6 27. Bd3 Bxd3 28. Kxd3 Rf8 29. c4 dxc4+ 30. Rxc4 Rac8 31. hxg5 hxg5 32. Rc5 Rh8 33. Rxh8 Nxh8 34. a4 Ng6 35. Nc4+ Kc7 36. b5 axb5 37. axb5 Nf4+ 38. Ke4 Rb8 39. Rxc6+ Kd7 40. Rd6+ Ke7 41. Rb6 Rd8 42. Rb7+ Ke8 43. b6 Ne2 44. Rh7 f5+ 45. gxf5 exf5+ 46. Kxf5 Rxd4 47. b7 Rd5+ 48. Ke6 1-0


[Site "https://www.chess.com"]

[Event "Titled Tuesday Blitz August 22 Early 2023"]
[White "Ezat, Mohamed"]
[Black "Terry, Renato"]
[WhiteFideId "10600906"]
[BlackFideId "3803457"]
[WhiteElo "2581"]
[BlackElo "2942"]
[Result "0-1"]
[Round "4"]
[TimeControl "180+1"]
[Date "2023.08.22"]
[WhiteClock "0:00:04"]
[BlackClock "0:00:21"]
[Board "46"]

1. d4 e6 2. c4 Bb4+ 3. Bd2 Qe7 4. g3 Nf6 5. Nc3 O-O 6. Bg2 d6 7. Nf3 c5 8. O-O Nc6 9. a3 Ba5 10. dxc5 dxc5 11. Qc2 Bc7 12. e3 Bd7 13. Rad1 Rad8 14. Nb5 Bb8 15. Bc3 Ne8 16. Be1 f5 17. Nc3 Nf6 18. e4 f4 19. Ne2 e5 20. Nc3 Nd4 21. Nxd4 exd4 22. Nd5 Nxd5 23. exd5 f3 24. Bh1 Bh3 25. Bd2 Bxf1 26. Rxf1 Rde8 27. Qb3 Qe2 28. Bc1 Re7 29. Bg5 Ree8 30. Qxb7 h6 31. Bc1 Bd6 32. Qc6 Rd8 33. b4 Qxc4 34. bxc5 Qxc5 35. Rd1 Rc8 36. Qa6 Qxc1 37. Rxc1 Rxc1+ 38. Qf1 Bxa3 39. Bxf3 Rxf3 40. Kg2 Rxf1 41. Kxf3 d3 42. Ke3 Rd1 43. d6 Bc5+ 44. Ke4 Bxd6 45. Ke3 Bc5+ 46. Ke4 d2 47. g4 Bb4 48. Kf3 Re1 49. Kg2 d1=Q 50. g5 Qg4# 0-1


[Site "https://www.chess.com"]